AoeStats
← PNAL | Mr.Costas

Scandinavia

510384944Analyzed
1v1 RM · 16h ago on Sep 30, 2026· 32m 25s· 2 players
Game mode
Random Map
Map size
Tiny (2 player)
Population
200
Speed
Normal
Resources
Standard
Victory
Conquest
Starting age
Dark Age
Ending age
Imperial Age
RankedLock teamsTeams togetherTeam positionsShared explorationLock speedFull tech treeHidden civsTurbo modeCheats
Victory
Defeat
🇭🇺 Varangians · Hungary
1548
+17
🇪🇸 Celts · Spain
1563
-17
Hrafn_the_Berzerker
5:10 Loom
9:46 Feudal Age
11:11 Double-Bit Axe
17:23 Castle Age
16:56 Scale Mail Armor
17:07 Forging
18:50 Medium Warships
18:59 Bow Saw
18:59 Squires
18:46 Arson
25:46 Chain Mail Armor
30:15 Gold Mining
PNAL | Mr.Costas
10:29 Feudal Age
10:56 Loom
15:08 Castle Age
13:31 Double-Bit Axe
17:43 Wheelbarrow
20:55 Medium Warships
21:28 Forging
Connection lost

Rejoining the realm…

Still unreachable

The connection could not be restored.

Session expired

The server has moved on; the page needs a fresh start.